 Dungeon Crawl Stone Soup version 0.29.1-1-gd02db6906a (webtiles) character file.

Game seed: 9266613716513615549

55 Aibolit the Trooper (level 3, -4/33 HPs)
             Began as a Hill Orc Fighter on Oct 7, 2022.
             Slain by a goblin
             ... wielding the +6 spear of Absolution {venom, Fragile rC+++ MP+9 Stlth+}
             ... led by Robin
              (11 damage)
             ... on level 2 of the Dungeon.
             The game lasted 00:01:33 (1847 turns).

Aibolit the Trooper (Hill Orc Fighter)              Turns: 1847, Time: 00:01:33

Health: -4/33      AC:  7    Str: 20    XL:     3   Next: 93%
Magic:  3/3        EV:  9    Int:  8    God:
Gold:   65         SH:  4    Dex: 10    Spells: 2/2 levels left

rFire   . . .      SeeInvis .   a - +0 war axe
rCold   + . .      Faith    .   c - +0 buckler
rNeg    . . .      Spirit   .   b - +0 scale mail
rPois   .          Reflect  .   (no helmet)
rElec   .          Harm     .   (no cloak)
rCorr   .          Rampage  .   (no gloves)
Will    .....                   (no boots)
Stlth   ..........              (no amulet)
HPRegen 0.11/turn               e - ring of protection from cold
MPRegen 0.08/turn               (no ring)

@: lethally poisoned (-4 -> -12)
A: no striking features
a: no special abilities


You were on level 2 of the Dungeon.
You visited 1 branch of the dungeon, and saw 2 of its levels.

You collected 65 gold pieces.

Inventory:

Hand Weapons
 a - a +0 war axe (weapon)
Armour
 b - a +0 scale mail (worn)
 c - a +0 buckler (worn)
Jewellery
 e - a ring of protection from cold (left hand)
Scrolls
 f - a scroll of fear {unknown}
 g - a scroll of blinking {unknown}
 h - 2 scrolls of identify {unknown}
 i - a scroll of magic mapping {unknown}
 l - a scroll of immolation {unknown}
Potions
 d - a potion of might
 j - a potion of haste {unknown}
 k - a potion of berserk rage {unknown}
 m - a potion of resistance


   Skills:
 + Level 4.2 Fighting
 + Level 3.5 Axes
 + Level 3.8 Armour
 + Level 3.8 Shields


You had 2 spell levels left.
You didn't know any spells.
Your spell library was empty.

Dungeon Overview and Level Annotations

Branches:
Dungeon (2/15)

Altars:

Annotations:
D:2 Robin


Message History

The goblins go into a battle-frenzy!
Found a club.
A goblin comes into view. It is wielding a +0 club.
A hobgoblin and a goblin come into view.
The goblin is wielding the +6 spear of Absolution {venom, Fragile rC+++ MP+9 Stlth+}.
The goblin shouts!
The hobgoblin shouts!
The goblin shouts!
The hobgoblin drinks a potion.
The hobgoblin suddenly seems more resistant.
Robin throws the goblin at you!
You barely miss the goblin.
The goblin hits you with a +0 dagger of electrocution.
You hit the goblin.
The goblin is almost dead.
The goblin hits you with a +0 dagger of electrocution.
Robin throws the goblin at you!
You slash the goblin!
You kill the goblin!
You closely miss the goblin. The goblin hits you but does no damage.
Robin throws the goblin at you! The goblin hits you with a +0 club.
The goblin hits you but does no damage. The goblin closely misses you.
Robin throws the goblin at you!
You slash the goblin!
You kill the goblin!
You barely miss the goblin. You slash the goblin!
You kill the goblin!
The goblin closely misses you.
You slash Robin!
Robin is severely wounded.
You closely miss the goblin.
The goblin hits you with the +6 spear of Absolution {venom, Fragile rC+++ MP+9 Stlth+}.
You are poisoned.
Robin hits you with a +0 falchion.
You feel very sick. The goblin barely misses you.
Things that are here:
a +0 club; a +0 dagger of electrocution; a goblin corpse
* * * LOW HITPOINT WARNING * * *
You feel very sick.
The goblin hits you from afar with the +6 spear of Absolution {venom, Fragile rC+++ MP+9 Stlth+}!
You die...

.######.######
...)........###.
.............#
............##..
.............#
...............#
.............#
#..$.###........
.#######....## #....#
#........ ####..## #....#
#...>....
##..###gg..##.........
########...)g)..##.........
#.........@.....##.........
#......)........##.........
#....†.....#....#
..............!....
##.......####.#####.
#.......# #.# #.......# ..
....[....# ## ...######.


You could see Robin, a hobgoblin (strong, resistant) and a goblin (strong).

Vanquished Creatures
  3 adders (D:2)
  A bat (D:1)
  2 endoplasms
  A giant cockroach (D:2)
  10 goblins (D:2)
  3 hobgoblins
  A kobold (D:1)
  A quokka (D:2)
  2 frilled lizards
  2 rats (D:1)
26 creatures vanquished.

Notes
Turn   | Place    | Note
-------+----------+-------------------------------------------
     0 | D:1      | Aibolit the Hill Orc Fighter began the quest for the Orb.
     0 | D:1      | Reached XP level 1. HP: 19/19 MP: 1/1
   482 | D:1      | Reached XP level 2. HP: 27/27 MP: 2/2
  1263 | D:2      | Reached skill level 4 in Fighting
  1263 | D:2      | Reached XP level 3. HP: 24/33 MP: 3/3
  1838 | D:2      | Noticed Robin
  1840 | D:2      | Identified the +6 spear of Absolution {venom, Fragile rC+++
                  | MP+9 Stlth+}
  1847 | D:2      | Slain by a goblin

Illustrated notes

Levels and vault maps discovered:
D:1:      amcnicky_arrival_abandoned_market, layout_basic
D:2:      layout_basic, basic_ecumenical_altar, uniq_sigmund, uniq_robin

Skill      XL: |  1  2 |
---------------+-------+-----
Axes           | 3 |  3.5
Fighting       | 4 |  4.2
Armour         | |  3.8
Shields        | |  3.8

Action                   || total
-------------------------++-------
Melee: War axe           ||    70
  Use: Scroll            ||     1
Armor: Scale mail        ||    34
Dodge: Dodged            ||    39
Block: Buckler           ||    15
